 Dungeon Crawl Stone Soup version 0.20.1-1-g8b1a95d (webtiles) character file.

2104 slep the Cudgeler (level 9, -5/69 HPs)
             Began as a Demonspawn Abyssal Knight on Oct 29, 2017.
             Was an Elder of Lugonu.
             Slain by an orc warrior
             ... wielding a +0 war axe
              (7 damage)
             ... on level 7 of the Dungeon on Oct 30, 2017.
             The game lasted 00:31:21 (4550 turns).

slep the Cudgeler (Demonspawn Abyssal Knight)       Turns: 4550, Time: 00:31:22

Health: -5/69      AC: 10    Str: 13    XL:     9   Next: 7%
Magic:  10/10      EV: 13    Int: 14    God:    Lugonu [****..]
Gold:   455        SH:  4    Dex: 15    Spells: 8/8 levels left

rFire    . . .     SeeInvis .   P - +2 flail (curse)
rCold    + . .     Gourm    .   e - +0 buckler
rNeg     . . .     Faith    +   I - +2 scale mail {MR+}
rPois    .         Spirit   .   (helmet restricted)
rElec    .         Reflect  .   o - +0 cloak {MR+}
rCorr    .         Harm     .   (no gloves)
MR       ++...                  (no boots)
Stlth    ++........             G - amulet of faith
Regen    0.3/turn               n - +4 ring of evasion
MPRegen  0.2/turn               M - ring of stealth

@: drained
A: antennae 1, talons 2, cold resistance 1, mutation resistance 1, powered by
pain 1, freezing cloud immunity
a: Depart the Abyss, Bend Space, Banish, Corrupt, Renounce Religion


You were on level 7 of the Dungeon.
You worshipped Lugonu.
Lugonu was greatly pleased with you.
You were not hungry.

You visited 1 branch of the dungeon, and saw 7 of its levels.
You visited the Abyss 1 time.

You collected 455 gold pieces.

Inventory:

Hand Weapons
 a - a +1 falchion
 f - a +0 short sword of speed
 p - a +2 mace of crushing
 t - a +1 short sword of draining
 E - the +3 whip of the Brain {flame, Str+5}
   (You found it on level 4 of the Dungeon)

   It has been specially enchanted to burn those struck by it, causing extra
   injury to most foes and up to half again as much damage against particularly
   susceptible opponents.
   It affects your strength (+5).
 P - a cursed +2 flail (weapon)
Missiles
 r - 4 tomahawks (quivered)
 y - 6 javelins
 C - a throwing net
Armour
 b - a +0 leather armour
 e - a +0 buckler (worn)
 k - a +0 robe
 o - a +0 cloak of magic resistance (worn)
 v - a +1 scale mail of fire resistance
 A - a +0 ring mail
 I - a +2 scale mail of magic resistance (worn)
Jewellery
 g - a +3 ring of evasion
 n - a +4 ring of evasion (left hand)
 G - an amulet of faith (around neck)
 M - a ring of stealth (right hand)
Wands
 H - a wand of digging (9/24)
Scrolls
 i - 2 scrolls of blinking {unknown}
 j - 3 scrolls of identify {unknown}
 m - 2 scrolls of fog {unknown}
 s - 2 scrolls of magic mapping {unknown}
 u - a scroll of teleportation
 z - a scroll of enchant armour {unknown}
 D - 3 scrolls of remove curse
 J - a scroll of amnesia
 L - a scroll of fear {unknown}
Potions
 h - 2 potions of curing {unknown}
 q - a potion of lignification {unknown}
 w - 3 potions of heal wounds
 x - 4 potions of flight
 F - a potion of mutation {unknown}
 O - a potion of brilliance {unknown}
Books
 K - a book of Maledictions

   Spells                             Type                      Level
   a - Corona                         Hexes                        1
   b - Ensorcelled Hibernation        Hexes/Ice                    2
   c - Confuse                        Hexes                        3
   d - Tukima's Dance                 Hexes                        3
   e - Dazzling Spray                 Conjuration/Hexes            3
Comestibles
 c - 8 bread rations
 d - 3 meat rations
 l - 13 fruits
 B - 3 royal jellies
 N - 5 chunks of flesh


   Skills:
 + Level 5.8(4.8) Fighting
 + Level 3.7(2.8) Long Blades
 + Level 6.2(5.2) Maces & Flails
 + Level 5.0(4.0) Armour
 + Level 3.2(2.3) Dodging
 + Level 2.3(1.4) Stealth
 + Level 2.0(1.1) Shields
 + Level 2.6(1.7) Invocations


You had 8 spell levels left.
You didn't know any spells.

Dungeon Overview and Level Annotations

Branches:
Dungeon (7/15)             Temple (0/1) D:5

Altars:
Elyvilon
Hepliaklqana
Qazlal
Sif Muna

Shops:
D:5 (


Innate Abilities, Weirdness & Mutations

You have a pair of small antennae on your head.
You have razor-sharp toenails.
Your flesh is cold resistant. (rC+)
You sometimes gain a little power by taking damage.
You are immune to freezing clouds.
You are somewhat resistant to further mutation.


Message History

The orc closely misses you.
You sock the orc!
You kill the orc!
Lugonu accepts your kill.
The orc warrior hits you but does no damage.
You hit the orc warrior.
You claw the orc warrior, but do no damage.
The orc warrior is lightly wounded.
The orc warrior closely misses you.
You hit the orc warrior but do no damage.
The orc warrior is lightly wounded.
The orc warrior hits you with a war axe.
* * * LOW HITPOINT WARNING * * *
You hit the orc warrior but do no damage.
The orc warrior hits you with a war axe!
* * * LOW HITPOINT WARNING * * *
You thump the orc warrior!
The orc warrior is moderately wounded.
The orc warrior hits you with a war axe!
You die...

..... #.....#...#.#....# #.#.#
###########.##.#...#.#....###.#.#
..............................#.#
##############.#.#.#.#.##.###....
##########.#..........#...#..
...............#.#.##########
.............#............
##########.#.#.####.######
#.#@o........ #.#)######.#.#
#..........#.#.# #............. #
#..........#.. #..........#
#..........# ...........#
............#


You could see an orc warrior.

Vanquished Creatures
  The ghost of Killbear the Cutter, a novice HuAr of Nemelex Xobeh (D:6)
  The ghost of ChromeMolly the Sneak, an amateur OpFi (D:4)
  A hungry ghost (D:7)
  A sky beast (D:5)
  2 ice beasts (D:5)
  An ogre (D:4)
  The ghost of slep the Skirmisher, an amateur DsAK of Lugonu (D:3)
  Blork the orc (D:5)
  A big kobold (D:7)
  A scorpion (D:5)
  3 wights (D:7)
  2 crimson imps (D:5)
  A jelly (D:5)
  2 bullfrog zombies (D:5)
  3 orc wizards
  Crazy Yiuf (D:2)
  An orc priest (D:3)
  A bullfrog skeleton (D:5)
  3 hounds
  Jessica (D:2)
  2 worker ants (D:4)
  A howler monkey zombie (D:5)
  7 gnolls (D:4)
  5 adders
  3 oozes
  An adder skeleton (D:7)
  3 worms
  2 dart slugs (D:4)
  4 leopard geckos
  21 orcs
  9 bats
  9 giant cockroaches
  5 goblins
  5 hobgoblins
  2 jackals (D:4)
  5 quokkas
  A ball python (D:1)
  6 frilled lizards
  A jackal skeleton (D:7)
  6 kobolds
  7 rats
134 creatures vanquished.

Notes
Turn   | Place    | Note
-------+----------+-------------------------------------------
     0 | Abyss:1  | slep the Demonspawn Abyssal Knight began the quest for the Orb.
     0 | Abyss:1  | Reached XP level 1. HP: 18/18 MP: 2/2
    92 | Abyss:1  | Noticed a large abomination
   116 | Abyss:1  | Noticed a thrashing horror
   123 | Abyss:1  | Noticed a dire elephant zombie
   123 | D:1      | Escaped the Abyss
   375 | D:1      | Gained mutation: You have sharp toenails. [demonic ancestry]
   375 | D:1      | Reached XP level 2. HP: 13/24 MP: 3/3
   523 | D:1      | Reached * piety under Lugonu
   554 | D:1      | Reached skill level 1 in Dodging
  1059 | D:2      | Reached XP level 3. HP: 8/29 MP: 4/4
  1206 | D:2      | Noticed Jessica
  1217 | D:2      | Killed Jessica
  1217 | D:2      | Reached skill level 1 in Stealth
  1217 | D:2      | Reached XP level 4. HP: 37/37 MP: 5/5
  1513 | D:2      | Found a runed door.
  1518 | D:2      | Noticed Crazy Yiuf
  1534 | D:2      | Killed Crazy Yiuf
  1640 | D:3      | Noticed slep's ghost (amateur DsAK)
  1823 | D:3      | Killed slep's ghost
  1823 | D:3      | Gained mutation: You have a pair of small antennae on your head. [demonic ancestry]
  1823 | D:3      | Reached XP level 5. HP: 39/42 MP: 6/6
  1830 | D:3      | Reached ** piety under Lugonu
  2255 | D:3      | Gained mutation: Your flesh is cold resistant. (rC+) [demonic ancestry]
  2255 | D:3      | Reached XP level 6. HP: 35/49 MP: 7/7
  2303 | D:4      | Reached skill level 1 in Maces & Flails
  2362 | D:4      | Noticed ChromeMolly's ghost (amateur OpFi)
  2378 | D:4      | Killed ChromeMolly's ghost
  2378 | D:4      | Reached skill level 2 in Maces & Flails
  2378 | D:4      | Gained mutation: You are immune to freezing clouds. [demonic ancestry]
  2378 | D:4      | Reached XP level 7. HP: 23/55 MP: 8/8
  2435 | D:4      | Reached skill level 3 in Maces & Flails
  2449 | D:5      | Entered Level 5 of the Dungeon
  2449 | D:5      | Found Guuguf's Weapon Shop.
  2676 | D:4      | Got a dazzling whip
  2677 | D:4      | Identified the cursed +3 whip of the Brain {flame, Str+5} (You found it on level 4 of the Dungeon)
  2698 | D:4      | Reached *** piety under Lugonu
  2972 | D:5      | Reached skill level 4 in Maces & Flails
  2984 | D:5      | Found a white marble altar of Elyvilon.
  3125 | D:5      | Reached skill level 5 in Fighting
  3139 | D:5      | Gained mutation: You have razor-sharp toenails. [demonic ancestry]
  3139 | D:5      | Reached XP level 8. HP: 45/62 MP: 9/9
  3239 | D:5      | Noticed Blork the orc
  3251 | D:5      | Killed Blork the orc
  3251 | D:5      | Reached skill level 5 in Maces & Flails
  3337 | D:5      | Found a staircase to the Ecumenical Temple.
  3541 | D:5      | Reached skill level 1 in Shields
  3618 | D:5      | Gained mutation: You are somewhat resistant to further mutation. [mutagenic meat]
  3670 | D:5      | Found a stormy altar of Qazlal.
  4076 | D:6      | Noticed Killbear's ghost (novice HuAr)
  4099 | D:6      | Killed Killbear's ghost
  4104 | D:6      | Found a hazy altar of Hepliaklqana.
  4104 | D:6      | Found a deep blue altar of Sif Muna.
  4329 | D:7      | Reached skill level 6 in Maces & Flails
  4358 | D:7      | Reached **** piety under Lugonu
  4372 | D:7      | Gained mutation: You sometimes gain a little power by taking damage. [demonic ancestry]
  4372 | D:7      | Reached XP level 9. HP: 15/69 MP: 10/10
  4383 | D:7      | Reached skill level 5 in Armour
  4440 | D:7      | Found a deep blue altar of Sif Muna.
  4549 | D:7      | HP: 2/69 [orc warrior/war axe (17)]
  4550 | D:7      | Slain by an orc warrior

Skill      XL: |  1  2  3  4  5  6  7  8  9 |
---------------+----------------------------+-----
Long Blades    | 2 3 |  3.7
Dodging        | 1 2 3 |  3.2
Stealth        | 1 2 |  2.3
Armour         | 2 3 4 5 |  5.0
Fighting       | 4 5 |  5.8
Maces & Flails | 2 4 6 |  6.2
Shields        | 1 2 |  2.0
Invocations    | |  2.6

Action                   |  1- 3 |  4- 6 |  7- 9 || total
-------------------------+-------+-------+-------++-------
Melee: Falchion          |    81 |    33 |       ||   114
       Kick              |    12 |    31 |    80 ||   123
       Mace              |       |    83 |   154 ||   237
       Whip              |       |       |   123 ||   123
       Flail             |       |       |    20 ||    20
Invok: Depart the Abyss  |     1 |       |       ||     1
  Use: Scroll            |     4 |       |     1 ||     5
       Potion            |     3 |       |       ||     3
 Stab: Sleeping          |       |     3 |       ||     3
  Eat: Chunk             |     1 |     4 |    15 ||    20
       Fruit             |       |       |     1 ||     1
Armor: Leather armour    |    14 |    13 |       ||    27
       Robe              |     3 |       |       ||     3
       Scale mail        |       |     7 |    43 ||    50
       Ring mail         |       |       |    20 ||    20
Dodge: Dodged            |    69 |    78 |   181 ||   328
Block: Buckler           |     6 |    10 |    36 ||    52
       Rpst.: Falchion   |    24 |     5 |       ||    29
